 Dungeon Crawl Stone Soup version 0.21-a0-88-g13b9641 (webtiles) character file.

24806 grindst0ne the Blocker (level 13, -3/88 HPs)
             Began as a Halfling Fighter on June 27, 2017.
             Was a High Priest of Okawaru.
             Slain by a hog (11 damage)
             ... led by Kirke
             ... on level 5 of the Lair of Beasts.
             The game lasted 00:43:00 (17919 turns).

grindst0ne the Blocker (Halfling Fighter)          Turns: 17919, Time: 00:43:00

Health: -3/88      AC:  0    Str: 22    XL:     13   Next: 45%
Magic:  16/17      EV: 13    Int:  6    God:    Okawaru [*****.]
Gold:   1897       SH:  0    Dex: 19    Spells: 12/12 levels left

rFire    . . .     SeeInvis .   (weapon currently unavailable)
rCold    . . .     Gourm    .   (shield currently unavailable)
rNeg     . . .     Faith    .   (armour currently unavailable)
rPois    .         Spirit   .   (helmet currently unavailable)
rElec    .         Reflect  .   (cloak currently unavailable)
rCorr    .         Harm     .   (gloves currently unavailable)
MR       .....                  (boots currently unavailable)
Stlth    ++........             (no amulet)
HPRegen  0.24/turn              (ring currently unavailable)
MPRegen  0.15/turn              (ring currently unavailable)

@: mighty, about to teleport, pig-form, very quick
A: mutation resistance 1
a: Heroism, Finesse, Renounce Religion


You were on level 5 of the Lair of Beasts.
You worshipped Okawaru.
Okawaru was extremely pleased with you.
You were not hungry.
You were a filthy swine.
You visited 3 branches of the dungeon, and saw 16 of its levels.

You collected 1897 gold pieces.

Inventory:

Hand Weapons
 a - a +1 war axe of flaming (melded)
 b - a +0 hunting sling
 j - a +1 whip of flaming
 m - a +0 long sword
Missiles
 x - 467 stones (quivered)
 J - 125 sling bullets
Armour
 c - a +0 shield (melded)
 o - a +2 pair of boots (melded)
 t - a scarf of spirit shield (melded)
 B - the +2 plate armour of the Tundras (melded) {Str+4 Slay+3}
   (Okawaru gifted it to you on level 4 of the Lair of Beasts)

   It affects your strength (+4).
   It affects your accuracy and damage with ranged weapons and melee attacks
   (+3).
 O - a +2 hat (melded)
 Q - a +1 plate armour of fire resistance
Jewellery
 u - an uncursed ring of positive energy
 H - the ring "Gitemongi" (melded) {rPois Int+3 Stlth+}
   (You found it on level 4 of the Dungeon)

   [ring of stealth]

   It affects your intelligence (+3).
   It protects you from poison.
   It makes you more stealthy.
 K - the ring "Saososes" (melded) {rC+ EV+3}
   (You found it on level 6 of the Dungeon)

   [ring of evasion]

   It affects your evasion (+3).
   It protects you from cold.
 W - a +4 ring of evasion
Wands
 h - a wand of digging (7/24)
 w - a wand of acid (0/15)
 L - a wand of flame (12/48)
 N - a wand of paralysis (4/24)
 R - a wand of flame (27/48)
 X - a wand of digging (9/24)
 Y - a wand of polymorph (3/24)
Scrolls
 g - a scroll of holy word
 n - 7 scrolls of teleportation
 p - 3 scrolls of magic mapping
 q - 7 scrolls of enchant weapon
 r - 10 scrolls of remove curse
 v - 2 scrolls of enchant armour {unknown}
 y - a scroll of torment {unknown}
 D - 2 scrolls of amnesia
 E - 2 scrolls of blinking {unknown}
 G - 3 scrolls of recharging
 I - a scroll of brand weapon {unknown}
 P - a scroll of identify
 U - a scroll of vulnerability {unknown}
 V - a scroll of silence {unknown}
Potions
 d - a potion of might
 e - a potion of cancellation
 i - 3 potions of mutation
 s - a potion of haste
 A - 2 potions of lignification
 C - 2 potions of ambrosia
 F - 4 potions of flight
 M - 3 potions of heal wounds
 T - a potion of brilliance
Miscellaneous
 S - a phantom mirror
Comestibles
 f - 5 bread rations
 k - 6 royal jellies
 l - 19 fruits
 z - 7 meat rations
 Z - 2 chunks of flesh


   Skills:
 - Level 8.1 Fighting
   Level 3.3 Short Blades
 + Level 9.8 Axes
 - Level 10.1 Slings
 - Level 10.4 Armour
 + Level 13.2 Shields
 - Level 6.0 Evocations


You had 12 spell levels left.
You didn't know any spells.

Dungeon Overview and Level Annotations

Branches:
Dungeon (10/15)            Temple (1/1) D:4            Lair (5/6) D:8
 Shoals (0/4) Lair:3       Spider (0/4) Lair:4        Slime (0/5) Lair:5
    Orc: D:9-12

Altars:
Ashenzari
Cheibriados
Dithmenos
Elyvilon
Fedhas
Gozag
Hepliaklqana
Kikubaaqudgha
Makhleb
Nemelex Xobeh
Okawaru
Qazlal
Ru
Sif Muna
Trog
Uskayaw
Vehumet
Wu Jian
Xom
Yredelemnul
Zin
The Shining One
Jiyva

Shops:
D:9 %

Annotations:
Lair:4 exclusion: downstairs
Lair:5 Kirke


Innate Abilities, Weirdness & Mutations

You are small and have problems with some larger weapons.
You are somewhat resistant to further mutation.


Message History

The hog bites you. Kirke hits you. The hog misses you.
You hit Kirke.
Kirke is heavily wounded.
The hog closely misses you. x2
As you read the scroll of teleportation, it crumbles to dust.
You feel strangely unstable. The hog bites you. The hog barely misses you.
Kirke casts a spell at you.
You feel a momentary urge to oink. The hog bites you!
* * * LOW HITPOINT WARNING * * *
The hog bites you.
* * * LOW HITPOINT WARNING * * *
The hog bites you.
* * * LOW HITPOINT WARNING * * *
Okay, then.
You feel much better. Kirke hits you!
* * * LOW HITPOINT WARNING * * *
The hog bites you!
* * * LOW HITPOINT WARNING * * *
The hog bites you!
You die...

#.## #.#### ###....# #
#......### ### ####
##P......### #.# .#.##
#P..>....#.# ##.#
#.#.###.....#...####.#####
##.........#.#...#.......#
##.........####.hh......###
P..........# #@hh........#
...#....####.##......#..#.#
...##..P.#.........#P##..##
....##P...........######..#
...............##...P##..##
........)....#..#..P##.#.###
........[....##.....P#.....#
..##........###..>_..#...####
###


You could see Kirke and 3 hogs.

Vanquished Creatures
  2 hydras
  2 two-headed ogres
  A queen ant (Lair:2)
  Pikel (D:8)
  A wolf spider (Lair:4)
  A gargoyle (D:9)
  3 spiny frogs
  2 rime drakes
  5 komodo dragons
  A slime creature (D:9)
  2 jumping spiders (Lair:4)
  A troll (D:8)
  13 blink frogs
  7 hippogriffs
  14 yaks
  A shadow (D:9)
  A redback (Lair:4)
  3 wyverns
  A basilisk (Lair:3)
  3 hogs
  20 soldier ants (Lair:2)
  8 water moccasins
  10 porcupines
  2 orc warriors
  4 sky beasts
  2 ogres
  4 phantoms
  5 wolves
  5 centaurs
  6 crocodiles
  4 big kobolds
  16 bullfrogs
  2 wyvern zombies (D:9)
  2 scorpions
  3 wights (D:8)
  An electric eel (D:8)
  7 crimson imps
  4 jellies
  12 hounds
  4 orc priests
  3 orc wizards
  A centaur skeleton (D:5)
  5 iguanas
  An iguana (shapeshifter) (D:9)
  28 worker ants
  3 hound zombies
  2 howler monkey zombies
  3 worker ant zombies
  A howler monkey skeleton (D:6)
  12 adders
  11 gnolls
  3 shadow imps
  2 oozes
  An adder zombie (D:9)
  2 adder skeletons
  4 worms
  2 dart slugs
  2 leopard geckos
  26 orcs
  A bat zombie (D:6)
  10 giant cockroaches
  6 goblins
  9 hobgoblins
  3 jackals
  27 kobolds
  2 quokkas
  5 bats
  3 frilled lizards
  A leopard gecko skeleton (D:5)
  A leopard gecko zombie (D:8)
  2 quokka skeletons (D:9)
  5 rats
  3 rat zombies (D:6)
  A fungus (Lair:2)
  A plant (Lair:5)
378 creatures vanquished.

Vanquished Creatures (others)
  3 slaves (D:9)
  A crimson imp (D:9)
  An orc wizard (D:9)
  An orc (D:9)
  A quokka (D:9)
  6 fungi
  13 plants
26 creatures vanquished.

Grand Total: 404 creatures vanquished

Notes
Turn   | Place    | Note
-------+----------+-------------------------------------------
     0 | D:1      | grindst0ne the Halfling Fighter began the quest for the Orb.
     0 | D:1      | Reached XP level 1. HP: 15/15 MP: 1/1
    14 | D:1      | Reached XP level 2. HP: 12/20 MP: 2/2
   458 | D:1      | Reached XP level 3. HP: 23/25 MP: 3/3
   749 | D:2      | Reached XP level 4. HP: 31/31 MP: 4/4
   814 | D:2      | Found a white marble altar of Elyvilon.
   915 | D:2      | Found a shimmering altar of Xom.
  1272 | D:2      | Found a glowing golden altar of the Shining One.
  1429 | D:3      | Reached skill level 1 in Slings
  1889 | D:3      | Reached skill level 4 in Shields
  1889 | D:3      | Reached XP level 5. HP: 34/36 MP: 5/5
  2457 | D:4      | Found a hide-covered altar of Uskayaw.
  2468 | D:4      | Noticed a dagger
  2468 | D:4      | Noticed a hand axe
  2499 | D:4      | Got a clouded marble ring
  2500 | D:4      | Identified the ring "Gitemongi" {rPois Int+3 Stlth+} (You found it on level 4 of the Dungeon)
  2524 | D:4      | Found a staircase to the Ecumenical Temple.
  2553 | Temple   | Entered the Ecumenical Temple
  2906 | D:4      | Found a sacrificial altar of Ru.
  2974 | D:4      | Reached XP level 6. HP: 23/42 MP: 6/6
  3407 | D:5      | Entered Level 5 of the Dungeon
  3463 | D:5      | Noticed a sky beast
  3478 | D:5      | Killed a sky beast
  3604 | D:5      | Noticed a phantom
  3618 | D:5      | Killed a phantom
  3618 | D:5      | Reached XP level 7. HP: 43/47 MP: 7/7
  3694 | D:5      | Reached skill level 5 in Armour
  3694 | D:5      | Reached skill level 5 in Shields
  4480 | D:5      | Reached XP level 8. HP: 54/54 MP: 8/8
  4574 | D:5      | Reached skill level 5 in Slings
  4769 | D:6      | Reached skill level 6 in Shields
  4813 | D:6      | Got a fine iron ring
  4870 | D:6      | Found a radiant altar of Vehumet.
  4900 | D:6      | Found a stormy altar of Qazlal.
  5004 | D:6      | Reached skill level 5 in Fighting
  5315 | D:6      | Found an iron altar of Okawaru.
  5431 | D:6      | Found an ancient bone altar of Kikubaaqudgha.
  5533 | D:6      | Became a worshipper of Warmaster Okawaru
  6166 | D:7      | Reached XP level 9. HP: 30/61 MP: 9/9
  6543 | D:7      | Reached * piety under Okawaru
  6803 | D:7      | Noticed a hippogriff
  6816 | D:7      | Killed a hippogriff
  6816 | D:7      | Reached skill level 7 in Shields
  7081 | D:7      | Reached skill level 1 in Evocations
  7118 | D:7      | Noticed a hippogriff
  7126 | D:7      | Killed a hippogriff
  7655 | D:8      | Reached ** piety under Okawaru
  7743 | D:8      | Identified the ring "Saososes" {rC+ EV+3} (You found it on level 6 of the Dungeon)
  7755 | D:8      | Found a staircase to the Lair.
  7762 | D:8      | Reached XP level 10. HP: 61/69 MP: 11/11
  8448 | D:8      | Reached skill level 8 in Shields
  8460 | D:8      | Reached *** piety under Okawaru
  8840 | D:8      | Found an opulent altar of Gozag.
  9351 | D:8      | Noticed a two-headed ogre
  9363 | D:8      | Killed a two-headed ogre
  9580 | D:9      | Noticed Pikel
  9594 | D:8      | Killed Pikel
  9594 | D:8      | Reached **** piety under Okawaru
  9594 | D:8      | Reached skill level 10 in Slings
  9788 | D:9      | Found Peennos's Food Emporium.
  9901 | D:9      | Noticed a two-headed ogre
 10098 | D:10     | Entered Level 10 of the Dungeon
 10110 | D:10     | Reached XP level 11. HP: 75/75 MP: 14/14
 10239 | D:9      | Received a gift from Okawaru
 10239 | D:9      | Reached skill level 1 in Axes
 10368 | D:9      | Reached skill level 5 in Evocations
 10383 | D:9      | Reached skill level 9 in Shields
 10847 | D:9      | Received a gift from Okawaru
 11097 | D:9      | Noticed a two-headed ogre
 11118 | D:9      | Killed a two-headed ogre
 11725 | Lair:1   | Entered Level 1 of the Lair of Beasts
 11992 | Lair:1   | Received a gift from Okawaru
 12803 | Lair:2   | Noticed a seven-headed hydra
 12807 | Lair:2   | Killed a seven-headed hydra
 12807 | Lair:2   | Received a gift from Okawaru
 12807 | Lair:2   | Reached skill level 10 in Armour
 12807 | Lair:2   | Reached XP level 12. HP: 82/82 MP: 16/16
 12819 | Lair:2   | Reached skill level 10 in Shields
 12859 | Lair:2   | Reached ***** piety under Okawaru
 13294 | Lair:2   | Reached skill level 5 in Axes
 13300 | Lair:2   | Noticed a queen ant
 13338 | Lair:2   | Killed a queen ant
 13509 | Lair:2   | Received a gift from Okawaru
 13509 | Lair:2   | Reached skill level 11 in Shields
 14485 | Lair:3   | Found a staircase to the Shoals.
 15411 | Lair:4   | Found a hole to the Spider Nest.
 15464 | Lair:4   | Reached skill level 12 in Shields
 15509 | Lair:4   | Reached XP level 13. HP: 15/88 MP: 7/17
 16514 | Lair:4   | Received a gift from Okawaru
 16517 | Lair:4   | Got a faintly humming plate armour {god gift}
 16528 | Lair:4   | Identified the +2 plate armour of the Tundras {Str+4 Slay+3} (Okawaru gifted it to you on level 4 of the Lair of Beasts)
 16766 | Lair:5   | Found an opulent altar of Gozag.
 17053 | Lair:5   | Found a viscous altar of Jiyva.
 17053 | Lair:5   | Found a staircase to the Slime Pits.
 17165 | Lair:5   | Noticed Kirke
 17176 | Lair:5   | Noticed an eight-headed hydra
 17435 | Lair:5   | Reached skill level 13 in Shields
 17797 | Lair:5   | Killed a three-headed hydra
 17919 | Lair:5   | Slain by a hog

Vault maps used:
D:1:      scummos_arrival_hexagon
D:2:      tso_altar, old_standard_altar, tgw_xom
D:3:      first_bread
D:4:      dancing_weapons_uskayaw, minmay_temple_entry_statues_fountains,
          nicolae_ru_path_of_blood
D:5:      hangedman_decor_lopped
D:6:      nicolae_qazlal_general_emergency, lemuel_zombie_altar_kikubaaqudgha,
          vehumet_altar_wand_db, kennysheep_little_box
D:8:      minmay_bloctagon, grunt_gozag_breadcrumbs, erik_lair_island
D:9:      minmay_the_grid_square_5x5_4x4, serial_shops, nicolae_shop_stone,
          uniq_pikel
D:10:     nicolae_trove_entry_path_of_doom, serial_shops, shop
Temple:   minmay_temple_curvy_branch
Lair:1:   st_stairs_9
Lair:2:   minivault_29, lemuel_fruit_tree, lemuel_fruit_fields
Lair:3:   shoals_dummy_entry
Lair:4:   spider_nest_entry_funnel_web, columned_hall_lemuel
Lair:5:   slime_altar_1, lemuel_centaur_altar, uniq_kirke

Skill      XL: |  1  2  3  4  5  6  7  8  9 10 11 12 13 |
---------------+----------------------------------------+-----
Fighting       | 3 4 5 6 7 8 |  8.1
Short Blades   | 3 |  3.3
Armour         | 4 5 6 7 8 10 | 10.4
Slings         | 1 2 3 4 7 8 10 | 10.1
Shields        | 4 5 6 7 8 9 12 13 | 13.2
Evocations     | 2 4 6 |  6.0
Axes           | 4 8 9 |  9.8

Action                   |  1- 3 |  4- 6 |  7- 9 | 10-12 | 13-15 || total
-------------------------+-------+-------+-------+-------+-------++-------
Melee: Rapier            |    15 |       |       |       |       ||    15
       Dagger            |    55 |     8 |       |       |       ||    63
       War axe           |       |   157 |   520 |   971 |   192 ||  1840
       Unarmed           |       |       |       |       |     6 ||     6
 Fire: Hunting sling     |       |       |    31 |    75 |    10 ||   116
Invok: Heroism           |       |       |       |     1 |     1 ||     2
Evoke: Wand              |       |       |       |    12 |     5 ||    17
  Use: Scroll            |       |     8 |       |    12 |     2 ||    22
       Potion            |       |       |       |    11 |     5 ||    16
 Stab: Paralysed         |       |       |       |     4 |     5 ||     9
  Eat: Chunk             |       |     9 |    10 |    27 |     4 ||    50
       Bread ration      |       |       |     1 |       |     1 ||     2
Armor: Chain mail        |    13 |    90 |   309 |    21 |       ||   433
       Scale mail        |     1 |       |       |       |       ||     1
       Plate armour      |       |       |       |   461 |    87 ||   548
Dodge: Dodged            |    20 |    56 |   154 |   317 |    91 ||   638
Block: Shield            |    37 |   103 |   360 |   688 |   166 ||  1354
